 Dungeon Sprint DCSS version 0.32-a0-931-g5a2cda0630 (webtiles) character file.

Game seed: 15331811952159826677

6100000 Griffin23 the Axe Maniac (level 25, -23/257 HPs)
             Began as a Minotaur Warper on Apr 14, 2024.
             Was the Champion of Makhleb.
             Killed from afar by a dread (29 damage)
             ... with damnation
             ... in the Dungeon (Sprint VIII: "Arena of Blood").
             The game lasted 00:02:54 (61 turns).

Griffin23 the Axe Maniac (Minotaur Warper)            Turns: 61, Time: 00:02:55

Health: -23/257    AC:  6    Str: 22    XL:     25   Next: 89%
Magic:  13/53      EV: 27    Int: 10    God:    Makhleb [******]
Gold:   0          SH:  0    Dex: 16    Spells: 78/78 levels left

rFire   . . .        j - +โˆž Axe of Woe
rCold   . . .        (shield currently unavailable)
rNeg    . . .        b - +0 leather armour
rPois   .            (helmet restricted)
rElec   .            (no cloak)
rCorr   .            (no gloves)
SInv    .            (no boots)
Will    +....        (no amulet)
Stlth   +++++++++    (no ring)
HPRegen 0.62/turn    (no ring)
MPRegen 0.33/turn

%: no teleportation
@: no status effects
A: horns 2, retaliatory headbutt
a: Renounce Religion, Minor Destruction, Lesser Servant of Makhleb, Major
Destruction, Greater Servant of Makhleb


You were in the Dungeon.
You worshipped Makhleb.
Makhleb was exalted by your worship.
You visited 1 branch

Inventory:

Hand Weapons
 a - a +0 hand axe
 j - the +โˆž Axe of Woe (weapon)
   (You found it in the Dungeon)
Missiles
 d - 7 darts of dispersal (quivered)
Armour
 b - a +0 leather armour (worn)
Jewellery
 c - a ring of see invisible
Potions
 e - a potion of curing
 g - a potion of haste
 h - 2 potions of magic
 i - a potion of berserk rage


   Skills:
 O Level 27 Fighting
 + Level 20.3(23.6) Short Blades
 + Level 22.0(25.4) Long Blades
 O Level 27 Axes
 O Level 27 Maces & Flails
 O Level 27 Polearms
 O Level 27 Staves
 + Level 20.4 Ranged Weapons
 O Level 27 Throwing
 O Level 27 Armour
 O Level 27 Dodging
 O Level 27 Stealth
 + Level 22.0 Shields
 O Level 27 Unarmed Combat
 O Level 27 Spellcasting
 + Level 14.8 Conjurations
 + Level 13.6 Hexes
 + Level 14.8 Summonings
 + Level 14.8 Necromancy
 O Level 27 Translocations
 + Level 14.8 Fire Magic
 + Level 14.8 Ice Magic
 + Level 14.4 Air Magic
 + Level 15.5 Earth Magic
 + Level 14.3 Alchemy
 O Level 27 Invocations
 + Level 16.1 Evocations
 + Level 13.7 Shapeshifting


You had 78 spell levels left.
You didn't know any spells.
Your spell library contained the following spells:

 Spells                   Type           Power      Damage    Failure   Level
 Blink                    Tloc           100%       N/A       0%          2
 Lesser Beckoning         Tloc           100%       N/A       0%          2
 Maxwell's Portable Pile  Tloc           61%        2d(11-31) 0%          3
 Teleport Other           Tloc           61%        N/A       0%          3
 Vhi's Electric Charge    Tloc/Air       100%       N/A       0%          4


Dungeon Overview and Level Annotations

Branches:
Dungeon (1/1)

Altars:
Makhleb


Innate Abilities, Weirdness & Mutations

You have a pair of horns on your head.
You reflexively headbutt those who attack you in melee.


Message History

The large abomination is engulfed in blazing flames.
Your Evocations skill increases to level 16!
Blink to where?
Press: ? - help, Dir - move target
Found a bone ring.
As you read the scroll of blinking, it crumbles to dust.
The accursed appears out of thin air!
An accursed comes into view.
The tyrant gestures wildly while chanting.
The accursed casts a spell at you. Something smites you!
* * * LOW HITPOINT WARNING * * *
You see here a ring of see invisible.
You feel much better.
c - a ring of see invisible The dread appears out of thin air!
A dread comes into view.
The accursed gestures at you while chanting.
Something smites you!
* * * LOW HITPOINT WARNING * * *
You slash the bag of meat!
You fatally mangle the bag of meat.
You kill the bag of meat!
Makhleb accepts your kill.
You feel better.
The accursed points at you and mumbles some strange words.
Something smites you!
* * * LOW HITPOINT WARNING * * *
The accursed gestures at you while chanting.
Something smites you!
* * * LOW HITPOINT WARNING * * *
A bag of meat comes into view. It is wielding a +9 war axe.
Your base Long Blades skill increases to level 22!
Your Shields skill increases to level 22!
The bag of meat shouts!
The accursed points at you and mumbles some strange words.
Something smites you!
* * * LOW HITPOINT WARNING * * *
The dread throws damnation at you.
The sphere of damnation explodes!
The damnation engulfs you!!
You die...

.......ยง...##...
.#.......M#.....
.....X...O#...#
.##.#X.XX........
......oL..... ...
#....#X..OM### .
......ooX....#..
.......).W...o...
.......@.......##
################


You could see 2 accurseds, 2 tentacled monstrosities, a tyrant (fast), a large
bag of meat (inner flame), 4 large abominations, a dread, a meat berserker
(berserk) and 4 bags of meat.

Vanquished Creatures
  9 vampire knights (D)
  25 ogres (D)
  8 two-headed ogres (D)
  A lich (D)
  A hydra (D)
  48 orcs (D)
  6 skeletal warriors (D)
98 creatures vanquished.

Notes
Turn   | Place    | Note
-------+----------+-------------------------------------------
     0 | D        | Found the +โˆž Axe of Woe
     0 | D        | Griffin23 the Minotaur Warper began the quest for the Orb.
     0 | D        | Reached XP level 1. HP: 18/18 MP: 1/1
     2 | D        | Noticed a meat berserker
     2 | D        | Noticed a bag of meat
     2 | D        | Noticed a bag of meat
     3 | D        | Noticed a bag of meat
     3 | D        | Noticed a meat berserker
     4 | D        | Killed a meat berserker
     4 | D        | Noticed a bag of meat
     5 | D        | Reached skill level 15 in Translocations
     5 | D        | Reached XP level 2. HP: 42/42 MP: 1/10
     5 | D        | Reached XP level 3. HP: 49/49 MP: 1/12
     5 | D        | Reached XP level 4. HP: 57/57 MP: 1/13
     5 | D        | Reached XP level 5. HP: 63/63 MP: 1/15
     5 | D        | Reached XP level 6. HP: 71/71 MP: 1/16
     5 | D        | Reached XP level 7. HP: 78/78 MP: 1/18
     5 | D        | Reached XP level 8. HP: 85/85 MP: 1/19
     5 | D        | Reached XP level 9. HP: 92/92 MP: 1/20
     5 | D        | Reached XP level 10. HP: 100/100 MP: 1/21
     5 | D        | Reached XP level 11. HP: 106/106 MP: 1/22
     5 | D        | Killed a meat berserker
     6 | D        | Reached skill level 15 in Fighting
     6 | D        | Reached XP level 12. HP: 69/121 MP: 1/23
     6 | D        | Reached XP level 13. HP: 72/127 MP: 1/24
     6 | D        | Killed a bag of meat
     7 | D        | Reached skill level 10 in Throwing
     8 | D        | Killed a bag of meat
     8 | D        | Killed a bag of meat
     9 | D        | Reached XP level 14. HP: 82/143 MP: 1/25
     9 | D        | Noticed a bag of meat
    10 | D        | Killed a bag of meat
    10 | D        | Noticed a bag of meat
    12 | D        | Noticed a meat berserker
    12 | D        | Noticed a bag of meat
    13 | D        | Killed a bag of meat
    13 | D        | Noticed a bag of meat
    14 | D        | Reached skill level 15 in Armour
    14 | D        | Became a worshipper of Makhleb the Destroyer
    14 | D        | Noticed a bag of meat
    15 | D        | Noticed a meat berserker
    15 | D        | Noticed a meat berserker
    15 | D        | Noticed a large bag of meat
    16 | D        | Noticed a bag of meat
    16 | D        | Noticed a bag of meat
    16 | D        | Noticed a bag of meat
    17 | D        | Killed a meat berserker
    17 | D        | Killed a bag of meat
    17 | D        | Reached * piety under Makhleb
    18 | D        | Reached skill level 15 in Throwing
    18 | D        | Reached XP level 15. HP: 64/158 MP: 3/26
    19 | D        | Killed a meat berserker
    20 | D        | Reached skill level 27 in Axes
    21 | D        | Reached ** piety under Makhleb
    21 | D        | Killed a meat berserker
    21 | D        | Noticed a meat berserker
    22 | D        | Reached XP level 16. HP: 32/178 MP: 3/27
    22 | D        | Noticed a meat berserker
    22 | D        | Noticed a meat berserker
    22 | D        | Noticed a meat berserker
    22 | D        | Noticed a meat berserker
    22 | D        | Noticed a meat berserker
    22 | D        | Noticed a destroyer
    22 | D        | Noticed a meat berserker
    22 | D        | Noticed a meat berserker
    23 | D        | Noticed a meat berserker
    23 | D        | Noticed a large bag of meat
    23 | D        | Killed a meat berserker
    23 | D        | Reached *** piety under Makhleb
    23 | D        | Noticed a destroyer
    23 | D        | Noticed a large bag of meat
    23 | D        | Noticed a large bag of meat
    24 | D        | Reached skill level 27 in Fighting
    24 | D        | Killed a meat berserker
    24 | D        | Killed a meat berserker
    24 | D        | Reached **** piety under Makhleb
    24 | D        | Noticed a large bag of meat
    24 | D        | Noticed a meat berserker
    25 | D        | Reached skill level 27 in Throwing
    25 | D        | Reached skill level 27 in Armour
    25 | D        | Reached skill level 27 in Dodging
    25 | D        | Reached XP level 17. HP: 165/191 MP: 4/29
    25 | D        | Reached ***** piety under Makhleb
    25 | D        | Killed a meat berserker
    26 | D        | Reached skill level 10 in Invocations
    26 | D        | Reached XP level 18. HP: 200/200 MP: 4/32
    26 | D        | Killed a meat berserker
    26 | D        | Killed a meat berserker
    26 | D        | Killed a destroyer
    26 | D        | Noticed a meat berserker
    27 | D        | Reached skill level 15 in Unarmed Combat
    27 | D        | Reached XP level 19. HP: 207/207 MP: 4/35
    27 | D        | Noticed a large bag of meat
    27 | D        | Noticed a meat berserker
    28 | D        | Reached skill level 15 in Invocations
    28 | D        | Noticed a destroyer
    28 | D        | Noticed a meat berserker
    28 | D        | Noticed a large bag of meat
    29 | D        | Noticed an eight-headed meat hydra
    29 | D        | Killed a meat berserker
    29 | D        | Reached ****** piety under Makhleb
    29 | D        | Killed a large bag of meat
    29 | D        | Killed a large bag of meat
    29 | D        | Killed a destroyer
    29 | D        | Killed a meat berserker
    30 | D        | Reached XP level 20. HP: 161/216 MP: 5/40
    31 | D        | Noticed a destroyer
    31 | D        | Killed a meat berserker
    31 | D        | Killed a destroyer
    31 | D        | Killed a large bag of meat
    31 | D        | Killed a meat berserker
    31 | D        | Noticed a large bag of meat
    31 | D        | Noticed a meat berserker
    32 | D        | Reached skill level 27 in Maces & Flails
    32 | D        | Reached skill level 27 in Polearms
    32 | D        | Reached XP level 21. HP: 168/224 MP: 5/43
    33 | D        | Killed a large bag of meat
    33 | D        | Noticed a destroyer
    34 | D        | Reached skill level 27 in Unarmed Combat
    34 | D        | Killed a large bag of meat
    34 | D        | Noticed a destroyer
    35 | D        | Reached skill level 27 in Stealth
    35 | D        | Reached skill level 27 in Translocations
    35 | D        | Reached skill level 27 in Invocations
    35 | D        | Reached XP level 22. HP: 211/233 MP: 6/49
    36 | D        | Killed a large bag of meat
    37 | D        | Reached skill level 27 in Spellcasting
    37 | D        | Killed a destroyer
    38 | D        | Reached XP level 23. HP: 112/240 MP: 6/53
    39 | D        | Reached skill level 5 in Conjurations
    39 | D        | Reached skill level 5 in Summonings
    39 | D        | Reached skill level 5 in Necromancy
    39 | D        | Reached skill level 5 in Fire Magic
    39 | D        | Reached skill level 5 in Ice Magic
    39 | D        | Reached skill level 5 in Air Magic
    39 | D        | Reached skill level 5 in Earth Magic
    39 | D        | Reached skill level 5 in Alchemy
    39 | D        | Reached skill level 5 in Evocations
    39 | D        | Noticed a destroyer
    40 | D        | Reached skill level 10 in Long Blades
    40 | D        | Reached skill level 10 in Shields
    40 | D        | Reached skill level 5 in Hexes
    40 | D        | Reached skill level 5 in Shapeshifting
    40 | D        | Killed a large bag of meat
    41 | D        | Killed a destroyer
    42 | D        | Killed a large bag of meat
    42 | D        | Noticed a destroyer
    43 | D        | Killed a destroyer
    43 | D        | Killed a destroyer
    44 | D        | Reached skill level 15 in Long Blades
    44 | D        | Reached skill level 15 in Shields
    44 | D        | Reached skill level 10 in Conjurations
    44 | D        | Reached skill level 10 in Summonings
    44 | D        | Reached skill level 10 in Necromancy
    44 | D        | Reached skill level 10 in Fire Magic
    44 | D        | Reached skill level 10 in Ice Magic
    44 | D        | Reached skill level 10 in Air Magic
    44 | D        | Reached skill level 10 in Earth Magic
    44 | D        | Reached skill level 10 in Alchemy
    44 | D        | Reached skill level 10 in Evocations
    44 | D        | Reached XP level 24. HP: 234/249 MP: 8/53
    45 | D        | Killed a destroyer
    45 | D        | Noticed a large bag of meat
    46 | D        | Reached skill level 15 in Short Blades
    46 | D        | Reached skill level 27 in Staves
    46 | D        | Reached skill level 15 in Ranged Weapons
    46 | D        | Reached skill level 10 in Hexes
    46 | D        | Reached skill level 10 in Shapeshifting
    46 | D        | Noticed a tyrant
    46 | D        | Noticed a destroyer
    48 | D        | Reached XP level 25. HP: 245/257 MP: 9/53
    48 | D        | Noticed a tyrant
    49 | D        | Noticed a tyrant
    49 | D        | Noticed a destroyer
    50 | D        | Noticed an accursed
    51 | D        | Killed a destroyer
    51 | D        | Killed a tyrant
    51 | D        | Noticed a large bag of meat
    52 | D        | Reached skill level 15 in Earth Magic
    52 | D        | Reached skill level 15 in Evocations
    52 | D        | Noticed a destroyer
    53 | D        | HP: 11/257 [accursed/divine providence (10)]
    56 | D        | Noticed an accursed
    56 | D        | HP: 3/257 [accursed/divine providence (10)]
    59 | D        | Noticed a dread
    61 | D        | Killed from afar by a dread

Illustrated notes

Levels and vault maps discovered:
D:        meatsprint

Skill      XL: |  1  2  3  4  5  6  7  8  9 10 11 12 13 14 15 16 17 18 19 20 21 22 23 24 25 |
---------------+----------------------------------------------------------------------------+-----
Fighting       | 12 15 18 21 25 27 | 27.0
Axes           | 13 18 22 26 27 | 27.0
Throwing       | 4 9 12 15 19 27 | 27.0
Armour         | 3 9 13 17 22 27 | 27.0
Dodging        | 11 13 16 19 22 27 | 27.0
Spellcasting   | 8 9 11 13 17 19 24 27 | 27.0
Translocations | 15 16 17 19 21 23 27 | 27.0
Maces & Flails | 4 13 17 24 27 | 27.0
Polearms       | 4 13 17 24 27 | 27.0
Stealth        | 3 9 13 19 21 27 | 27.0
Unarmed Combat | 3 11 15 22 25 27 | 27.0
Invocations    | 3 10 14 20 23 27 | 27.0
Staves         | 20 26 27 | 27.0
Short Blades   | 6 13 17 20 | 20.3
Long Blades    | 6 15 18 22 | 22.0
Ranged Weapons | 6 13 17 20 | 20.4
Shields        | 6 15 18 22 | 22.0
Conjurations   | 4 10 12 14 | 14.8
Hexes          | 3 9 11 13 | 13.6
Summonings     | 4 10 12 14 | 14.8
Necromancy     | 4 10 12 14 | 14.8
Fire Magic     | 4 10 12 14 | 14.8
Ice Magic      | 4 10 12 14 | 14.8
Air Magic      | 4 10 12 14 | 14.4
Earth Magic    | 4 10 13 15 | 15.5
Alchemy        | 4 10 12 14 | 14.3
Evocations     | 4 10 13 16 | 16.1
Shapeshifting  | 3 9 11 13 | 13.7

Action                     |  1- 3 |  4- 6 |  7- 9 | 10-12 | 13-15 | 16-18 | 19-21 | 22-24 | 25-27 || total
---------------------------+-------+-------+-------+-------+-------+-------+-------+-------+-------++-------
  Melee: Executioner's axe |     1 |       |       |     1 |     8 |     4 |     7 |    12 |     6 ||    39
    Use: Scroll            |       |       |       |       |       |     1 |       |       |     1 ||     2
         Potion            |       |       |       |       |       |       |       |       |     1 ||     1
 Armour: Leather armour    |       |       |       |     1 |     2 |       |     7 |    16 |     8 ||    34

Table legend: (Time is in decaauts)
 A = Elapsed time spent in this place.
 B = Non-inter-level travel time spent in this place.
 C = Inter-level travel time spent in this place.
 D = Time resting spent in this place.
 E = Time spent auto-exploring this place.
 F = Levels seen in this place.
 G = Mean time per level.
                   A        B        C        D        E       F      G
               +--------+--------+--------+--------+--------+-----+--------+
         Total |     51 |     51 |      0 |      0 |      0 |   1 |   51.0 |
       Dungeon |     51 |     51 |      0 |      0 |      0 |   1 |   51.0 |
               +--------+--------+--------+--------+--------+-----+--------+

Top non-repeatable levels by time:
       D: 51 daAuts
